 Dungeon Crawl Stone Soup version 0.28.0-43-g3370ac3207 (webtiles) character file.

Game seed: 16568718032382679144

305 Zeld the Magician (level 6, -14/32 HPs)
             Began as a Deep Elf Fire Elementalist on Mar 12, 2022.
             Killed from afar by a steam dragon (24 damage)
             ... with a ball of steam
             ... on level 4 of the Dungeon.
             The game lasted 00:03:08 (3884 turns).

Zeld the Magician (Deep Elf Fire Elementalist)      Turns: 3884, Time: 00:03:09

Health: -14/32     AC:  5    Str:  5    XL:     6   Next: 16%
Magic:  7/15       EV: 13    Int: 25    God:
Gold:   133        SH:  0    Dex: 15    Spells: 8/15 levels left

rFire   . . .      SeeInvis .   (no weapon)
rCold   . . .      Faith    .   (no shield)
rNeg    . . .      Spirit   .   a - +0 robe
rPois   .          Reflect  .   l - +1 helmet {Int+3}
rElec   .          Harm     .   (no cloak)
rCorr   .          Rampage  .   (no gloves)
Will    .....                   h - +0 pair of boots
Stlth   +++.......              (no amulet)
HPRegen 0.10/turn               (no ring)
MPRegen 0.14/turn               (no ring)

@: no status effects
A: no striking features
a: no special abilities


You were on level 4 of the Dungeon.
You visited 1 branch of the dungeon, and saw 4 of its levels.

You collected 133 gold pieces.

Inventory:

Armour
 a - a +0 robe (worn)
 h - a +0 pair of boots (worn)
 l - a +1 helmet of intelligence (worn)
Scrolls
 b - a scroll of silence {unknown}
 c - 2 scrolls of immolation {unknown}
 e - 2 scrolls of fear {unknown}
 f - 2 scrolls of identify {unknown}
 g - a scroll of teleportation {unknown}
 i - a scroll of fog {unknown}
 j - a scroll of noise {unknown}
 k - a scroll of amnesia {unknown}
Potions
 d - a potion of lignification {unknown}
 m - a potion of heal wounds {unknown}


   Skills:
 + Level 3.5 Dodging
 + Level 3.8 Stealth
 * Level 5.3 Spellcasting
 + Level 2.7 Conjurations
 * Level 4.9 Fire Magic


You had 8 spell levels left.
You knew the following spells:

 Your Spells              Type           Power      Damage    Failure   Level
a - Foxfire               Conj/Fire      100%       2x1d9     1%          1
b - Scorch                Fire           62%        2d8       1%          2
c - Flame Wave            Conj/Fire      26%        2d7       16%         4

Your spell library contained the following spells:

 Spells                   Type           Power      Damage    Failure   Level
 Conjure Flame            Conj/Fire      26%        6-21      4%          3
 Inner Flame              Hex/Fire       19%        N/A       9%          3


Dungeon Overview and Level Annotations

Branches:
Dungeon (4/15)
 Temple: D:4-7

Altars:
Elyvilon
Kikubaaqudgha
Qazlal
Sif Muna

Shops:
D:4 (

Annotations:
D:4 2 runed translucent doors, Acetwo5's ghost, amateur GnWn


Message History

You are very lightly contaminated with residual magic.
Nothing appears to happen.
The centaur skeleton hits you but does no damage.
The centaur skeleton kicks you but does no damage.
Casting: Scorch (safe; 1% risk of failure)
Confirm with . or Enter, or press ? or * to list all spells.
Flames lash the centaur skeleton.
The centaur skeleton is burned terribly!
You destroy the centaur skeleton!
Unknown command.
c - 2 scrolls labelled AGYJI TIELILL (gained 1)
Your magical contamination has completely faded away.
m - a cyan potion You hear the hiss of an avalanche of sand nearby.
A ball python comes into view.
Casting: Scorch (safe; 1% risk of failure)
Confirm with . or Enter, or press ? or * to list all spells.
Flames lash the ball python.
You kill the ball python!
An orc comes into view. It is wielding a +0 dagger.
A steam dragon comes into view.
The steam dragon breathes steam at you. The ball of steam hits you!
The steam dragon moves out of view.
You are engulfed in a cloud of scalding steam.
You hit the orc.
The orc is lightly wounded.
You are engulfed in a cloud of scalding steam.
The orc misses you.
You are engulfed in a cloud of scalding steam.
You aren't carrying any items that you can evoke.
Unknown command.
Casting: Scorch (safe; 1% risk of failure)
Confirm with . or Enter, or press ? or * to list all spells.
Flames lash the steam dragon.
The steam dragon is lightly wounded.
The steam dragon's fire resistance burns away.
The steam dragon breathes steam at you. The ball of steam hits you!!
Ouch! That really hurt!
You die...

... ..# ##§. #.#
#....... #...#.#
#.....# #o# #D#
.#######§#
.......@.## ..
########..#####..
#........
#.####.###
#.##.....## ##
#.#.......#..#
#.#.......#..#
#....._.......
#.#.......#


You could see a steam dragon (catching breath, combustible) and an orc.

Vanquished Creatures
  A necrophage (D:4)
  A scorpion (D:3)
  A centaur skeleton (D:4)
  An iguana (D:3)
  4 adders
  A howler monkey skeleton (D:3)
  2 worms
  2 dart slugs
  6 bats
  4 endoplasms
  A giant cockroach (D:3)
  4 goblins
  5 hobgoblins
  3 jackals (D:1)
  2 quokkas
  5 ball pythons
  2 frilled lizards (D:1)
  4 kobolds
  6 rats
55 creatures vanquished.

Vanquished Creatures (others)
  161 foxfires
  5 plants (D:3)
166 creatures vanquished.

Grand Total: 221 creatures vanquished

Notes
Turn   | Place    | Note
-------+----------+-------------------------------------------
     0 | D:1      | Zeld the Deep Elf Fire Elementalist began the quest for the
                  | Orb.
     0 | D:1      | Reached XP level 1. HP: 10/10 MP: 6/6
   611 | D:1      | Reached XP level 2. HP: 15/15 MP: 6/8
   697 | D:1      | Learned a level 2 spell: Scorch
  1153 | D:1      | Found a faded altar of an unknown god.
  1780 | D:2      | Reached XP level 3. HP: 19/19 MP: 7/10
  2415 | D:2      | Reached skill level 4 in Spellcasting
  2909 | D:3      | Reached XP level 4. HP: 22/24 MP: 2/12
  2919 | D:3      | Learned a level 4 spell: Flame Wave
  3312 | D:3      | Found a shimmering blue altar of Sif Muna.
  3416 | D:3      | Found an ancient bone altar of Kikubaaqudgha.
  3509 | D:3      | Noticed a scorpion
  3516 | D:3      | Killed a scorpion
  3517 | D:3      | Reached XP level 5. HP: 28/28 MP: 7/14
  3572 | D:3      | Found a white marble altar of Elyvilon.
  3669 | D:4      | Found a runed translucent door.
  3670 | D:4      | Noticed Acetwo5's ghost (amateur GnWn)
  3698 | D:4      | Found a runed translucent door.
  3709 | D:4      | Found Ibuch's Antique Weapon Shop.
  3739 | D:4      | Noticed a necrophage
  3745 | D:4      | Killed a necrophage
  3746 | D:4      | Reached skill level 5 in Spellcasting
  3746 | D:4      | Reached XP level 6. HP: 28/32 MP: 8/15
  3853 | D:4      | Found a stormy altar of Qazlal.
  3878 | D:4      | Noticed a steam dragon
  3884 | D:4      | Killed from afar by a steam dragon

Illustrated notes

Levels and vault maps discovered:
D:1:      wander_arrival_peaceful_grave, layout_basic,
          shapermc_ecumenical_altar_venn, roderic_st_hans_cross
D:2:      layout_loops_ring, chequers_serial_rivers_small_b
D:3:      layout_rooms, lemuel_doored_altar, mainiacjoe_overflow_cross_hatched,
          elyvilon_altar_5
D:4:      layout_loops_corners, old_standard_altar, serial_shops,
          nicolae_diamond_shop, nicolae_ossuary_entry_giza,
          ebering_ghost_sewer_f

Skill      XL: |  1  2  3  4  5 |
---------------+----------------+-----
Spellcasting   | 4 5 |  5.3
Fire Magic     | 4 |  4.9
Stealth        | 3 |  3.8
Conjurations   | 2 |  2.7
Dodging        | 3 |  3.5

Action                   |  1- 3 |  4- 6 || total
-------------------------+-------+-------++-------
Melee: Unarmed           |       |     1 ||     1
 Cast: Foxfire           |    78 |    26 ||   104
       Scorch            |    14 |    19 ||    33
Armor: Robe              |    13 |     7 ||    20
Dodge: Dodged            |    30 |    10 ||    40
